 Dungeon Crawl Stone Soup version 0.27.1-33-g824d729ab1 (webtiles) character file.

Game seed: 1306609533554369991

701 Qrupt the Skirmisher (level 7, 0/48 HPs)
             Began as a Gargoyle Monk on Dec 31, 2021.
             Shot with a stone by a goblin (4 damage)
             ... on level 4 of the Dungeon.
             The game lasted 00:10:47 (6649 turns).

Qrupt the Skirmisher (Gargoyle Monk)                Turns: 6649, Time: 00:10:48

Health: 0/48       AC:  7    Str: 17    XL:     7   Next: 66%
Magic:  7/7        EV: 12    Int: 10    God:
Gold:   139        SH:  0    Dex: 12    Spells: 6/6 levels left

rFire    . . .     SeeInvis .   k - +0 dagger (venom)
rCold    . . .     Faith    .   (no shield)
rNeg     + . .     Spirit   .   b - +0 robe
rPois    ∞         Reflect  .   g - +0 helmet
rElec    +         Harm     .   (no cloak)
rCorr    .         Rampage  .   (no gloves)
Will     .....                  (no boots)
Stlth    ++........             (no amulet)
HPRegen  0.16/turn              (no ring)
MPRegen  0.10/turn              (no ring)

@: flying
A: sickness immunity, AC +4, negative energy resistance 1, electricity
resistance, torment resistance 1, petrification resistance, mutation resistance
1
a: no special abilities


You were on level 4 of the Dungeon.
You visited 1 branch of the dungeon, and saw 4 of its levels.

You collected 175 gold pieces.
You spent 36 gold pieces at shops.

Inventory:

Hand Weapons
 a - a +0 mace
 h - a +0 whip
 k - a +0 dagger of venom (weapon)
Armour
 b - a +0 robe (worn)
 g - a +0 helmet (worn)
Jewellery
 m - an amulet of reflection
Wands
 j - a wand of polymorph (7)
 l - a wand of acid (1)
Scrolls
 d - a scroll of identify
Potions
 c - 2 potions of brilliance


   Skills:
 + Level 7.1 Fighting
 + Level 6.5 Maces & Flails
 - Level 2.4 Dodging
 - Level 2.1 Stealth


You had 6 spell levels left.
You didn't know any spells.
Your spell library contained the following spells:

 Spells                   Type           Power      Damage    Failure   Level
 Leda's Liquefaction      Hex/Erth       0%         N/A       98%         4
 Bolt of Magma            Conj/Fire/Erth 0%         4d4       100%        5
 Statue Form              Tmut/Erth      Unusable   N/A       N/A         6

Dungeon Overview and Level Annotations

Branches:
Dungeon (4/15)
 Temple: D:4-7

Altars:
Fedhas
Qazlal

Shops:
D:4 *(!


Innate Abilities, Weirdness & Mutations

You are immune to sickness and miasma.
Your stone body is resilient. (AC +4)
You are immune to poison.
You resist negative energy. (rN+)
You are resistant to electric shocks. (rElec)
You are resistant to unholy torment.
You are immune to petrification.
You are somewhat resistant to further mutation.


Message History

The bolt of acid misses the hobgoblin.
The hobgoblin hits you but does no damage.
The kobold hits you with a +0 club.
* * * LOW HITPOINT WARNING * * *
Unknown command.
It was a potion of flight.
You feel very buoyant.
You fly up into the air.
A goblin comes into view. It is wielding a +0 club.
Aiming: Corrosive Bolt
Press: ? - help, Shift-Dir - straight line, f - kobold, p - hobgoblin
Aim: a kobold, wielding a +0 whip and quivering stones (64% to hit)
The bolt of acid hits the hobgoblin!
The hobgoblin is splashed with acid.
The acid corrodes the hobgoblin!
You kill the hobgoblin!
The bolt of acid hits the kobold!
The kobold is splashed with acid.
The acid corrodes the kobold!
You kill the kobold!
The bolt of acid hits the hobgoblin!
The hobgoblin is splashed with acid.
You kill the hobgoblin!
The kobold hits you but does no damage.
Unknown command.
Aiming: Corrosive Bolt
Press: ? - help, Shift-Dir - straight line, f - goblin
Aim: a goblin, wielding a +0 hunting sling and quivering stones (64% to hit)
The bolt of acid hits the kobold!
The kobold is splashed with acid.
The acid corrodes the kobold!
You kill the kobold!
The bolt of acid hits the goblin!
The goblin is splashed with acid.
You kill the goblin!
The goblin unwields a +0 hunting sling.
The goblin completely misses you. The goblin barely misses you.
Things that are here:
a +0 club; 11 gold pieces; a kobold corpse The goblin hits you but does no damage.
Things that are here:
a +0 hunting sling; 20 stones; 11 gold pieces The goblin wields a +0 hunting sling.
The goblin shoots a stone.
The stone hits you.
You die...

################
#..........@)g.#
+........))..g)#
######............K)#
.........########..)...#
.........# #..))..#
.........#
#..)...#≈≈≈≈≈≈≈≈≈
######.......
....##'##≈≈≈≈≈≈≈≈
+....... .....#
..#≈≈≈≈≈≈≈≈ #......g.
...# #≈≈≈≈≈≈≈≈


You could see 2 goblins and a kobold.

Vanquished Creatures
  Eustachio (D:4)
  An ogre (D:4)
  A scorpion (D:3)
  A bullfrog zombie (D:3)
  A hound (D:4)
  An iguana (D:3)
  Natasha (twice) (D:4)
  2 orc wizards (D:4)
  A hound skeleton (D:4)
  Robin (D:3)
  7 gnolls
  2 adders (D:3)
  2 dart slugs
  9 orcs
  8 ball pythons
  6 endoplasms
  A giant cockroach (D:2)
  32 goblins
  23 hobgoblins
  3 jackals (D:4)
  2 quokkas
  5 bats
  A frilled lizard (D:2)
  12 kobolds
  A rat (D:3)
126 creatures vanquished.

Vanquished Creatures (others)
  4 fungi (D:3)
  5 plants (D:3)
9 creatures vanquished.

Grand Total: 135 creatures vanquished

Notes
Turn   | Place    | Note
-------+----------+-------------------------------------------
     0 | D:1      | Qrupt the Gargoyle Monk began the quest for the Orb.
     0 | D:1      | Reached XP level 1. HP: 14/14 MP: 1/1
    31 | D:1      | Found a faded altar of an unknown god.
   202 | D:1      | Reached XP level 2. HP: 11/19 MP: 2/2
   835 | D:1      | Reached XP level 3. HP: 11/24 MP: 3/3
  1285 | D:1      | Reached skill level 4 in Fighting
  1518 | D:2      | Found a stormy altar of Qazlal.
  2585 | D:3      | Found a stormy altar of Qazlal.
  2589 | D:3      | Found a blossoming altar of Fedhas.
  2670 | D:3      | Reached XP level 4. HP: 14/30 MP: 4/4
  3001 | D:3      | Noticed Robin
  3114 | D:3      | Gained mutation: You are somewhat resistant to further
                  | mutation. [potion of mutation]
  3128 | D:3      | Killed Robin
  3129 | D:3      | Reached XP level 5. HP: 30/34 MP: 5/5
  3278 | D:3      | Reached skill level 5 in Fighting
  3567 | D:4      | Found Xokkil's Weapon Emporium.
  4116 | D:4      | Noticed Eustachio
  4149 | D:4      | Noticed Natasha
  4341 | D:4      | Found Juanunea's General Store.
  4441 | D:4      | Noticed a black bear
  4453 | D:4      | Killed Natasha
  4454 | D:4      | Reached skill level 5 in Maces & Flails
  4454 | D:4      | Reached XP level 6. HP: 40/40 MP: 6/6
  4467 | D:4      | a black bear changed into an ogre
  5315 | D:4      | Reached skill level 6 in Fighting
  5504 | D:4      | Reached XP level 7. HP: 31/47 MP: 7/7
  5974 | D:4      | Found Zauwk's Distillery.
  5993 | D:4      | Noticed Natasha
  6060 | D:4      | Killed Natasha
  6343 | D:4      | Bought a potion of curing for 36 gold pieces
  6640 | D:4      | Killed Eustachio
  6641 | D:4      | Reached skill level 7 in Fighting
  6649 | D:4      | Shot with a stone by a goblin

Illustrated notes

Levels and vault maps discovered:
D:1:      grunt_arrival_crossed_arrows, layout_loops_ring,
          ebering_ecumenical_altar_ruins, minmay_curled_crystal
D:2:      layout_basic, basic_altar
D:3:      layout_loops_ring, grunt_temple_overflow_forces_of_nature,
          feat_on_display, uniq_robin
D:4:      minmay_goblin_kobold_castle, layout_gridville, serial_shops,
          nicolae_stop_n_shop_2, nicolae_square_shop,
          nicolae_shop_temple_entry_statues_fountains, uniq_eustachio,
          uniq_natasha

Skill      XL: |  1  2  3  4  5  6  7 |
---------------+----------------------+-----
Fighting       | 4 5 6 7 |  7.1
Maces & Flails | 4 5 6 |  6.5
Dodging        | |  2.4
Stealth        | |  2.1

Action                   |  1- 3 |  4- 6 |  7- 9 || total
-------------------------+-------+-------+-------++-------
Melee: Mace              |   116 |       |       ||   116
       Whip              |    13 |   312 |    95 ||   420
       Dagger            |       |       |    17 ||    17
Evoke: Wand              |       |     3 |     7 ||    10
  Use: Scroll            |     1 |       |     1 ||     2
       Potion            |       |     2 |     4 ||     6
 Stab: Sleeping          |     4 |     3 |     1 ||     8
       Distracted        |       |     1 |       ||     1
Armor: Robe              |    27 |   112 |    85 ||   224
       Skin              |       |       |    33 ||    33
Dodge: Dodged            |    98 |   187 |   134 ||   419
